 Dungeon Crawl Stone Soup version 0.18-a0-327-gb1de508 (webtiles) character file.

382 Proton the Agent of Entropy (level 6, -2/48 HPs)
             Began as a Demonspawn Abyssal Knight on Nov 27, 2015.
             Was a Priest of Lugonu.
             Succumbed to Blork the orc's poison
             ... on level 4 of the Dungeon.
             The game lasted 00:04:46 (2124 turns).

Proton the Agent of Entropy (DsAK)                  Turns: 2124, Time: 00:04:46

Health: -2/48      AC: 13    Str: 20    XL:     6   Next: 47%
Magic:  9/9        EV:  6    Int: 13    God:    Lugonu [***...]
Gold:   189        SH:  0    Dex: 12    Spells: 0 memorised, 5 levels left

rFire  . . .     SeeInvis .     a - +1 falchion
rCold  . . .     Clarity  .     j - +0 plate armour
rNeg   . . .     SustAt   .     (no shield)
rPois  .         Gourm    .     (no helmet)
rElec  .         Spirit   .     o - +0 cloak
rCorr  .         Warding  .     q - +0 pair of gloves
rMut   .         Rnd*Tele +     (no boots)
MR     +....                    (no amulet)
Stlth  ..........               k - ring of teleportation (curse)
                                h - ring of protection from magic

@: mighty, lethally poisoned (-2 -> -28), somewhat resistant to hostile
enchantments, extremely unstealthy
A: claws 2, spiny 1
a: Depart the Abyss, Bend Space, Banish, Renounce Religion, Evoke Teleportation


You were on level 4 of the Dungeon.
You worshipped Lugonu.
Lugonu was most pleased with you.
You were not hungry.

You visited 1 branch of the dungeon, and saw 4 of its levels.
You visited the Abyss 1 time.

You collected 189 gold pieces.

Inventory:

Hand Weapons
 a - a +1 falchion (weapon)
Missiles
 b - 11 javelins (quivered)
Armour
 j - a +0 plate armour (worn)
 o - a +0 cloak (worn)
 q - a +0 pair of gloves (worn)
Jewellery
 h - a ring of protection from magic (left hand)
 k - a cursed ring of teleportation (right hand)
 s - an uncursed ring of wizardry {unknown}
Scrolls
 e - a scroll of teleportation {unknown}
 u - a scroll of noise {unknown}
 v - a scroll of identify
 y - a scroll of remove curse {unknown}
Potions
 d - a potion of heal wounds {unknown}
 f - a potion of lignification {unknown}
 g - 2 potions of brilliance {unknown}
 i - 2 potions of beneficial mutation {unknown}
 l - 2 potions of invisibility {unknown}
 m - a potion of degeneration {unknown}
 p - a potion of cancellation
 t - a potion of ambrosia {unknown}
Comestibles
 c - 3 bread rations
 n - 4 fruits
 w - a royal jelly
 x - a slice of pizza


   Skills:
 + Level 4.2 Fighting
 - Level 2.0 Long Blades
 + Level 3.4 Armour
 + Level 2.6 Dodging
 - Level 1.5 Unarmed Combat
 + Level 4.7 Invocations


You had 5 spell levels left.
You didn't know any spells.

Dungeon Overview and Level Annotations

Branches:
Dungeon (4/15)
 Temple: D:4-7

Altars:
Ru

Annotations:
D:4 Blork the orc, Robin


Innate Abilities, Weirdness & Mutations

You have very sharp fingernails.
You are partially covered in sharp spines.


Message History

* * * LOW HITPOINT WARNING * * *
You feel very sick. The hound is struck by your spines.
The hound bites you but does no damage. Blork the orc is struck by your spines.
Blork the orc barely misses you.
The orc wizard mumbles some strange words.
The orc wizard flickers and vanishes!
Deactivating autopickup; reactivate with Ctrl-A.
The hound is struck by your spines. The hound closely misses you.
Drink which item? (? for menu, Esc to quit)
You don't have any such object.
Drink which item? (? for menu, Esc to quit)
Huh?
Drink which item? (? for menu, Esc to quit)
Huh?
Drink which item? (? for menu, Esc to quit)
Okay, then.
Drink which item? (? for menu, Esc to quit)
It was a potion of might.
You feel very mighty all of a sudden.
You die...

....##..############
...........#
........##.##
..####.#....# . ...
#..(# #### #...# #
#...##.## #.†.)...##
#o@hg....#
..?.....{.......
................
................
.###.#.......$.#
#.#...#...#.. #
#...#..##.# #...#..#


You could see Blork the orc, a hound and Robin.

Vanquished Creatures
  Sigmund (D:2)
  A scorpion (D:4)
  An orc priest (D:4)
  Ijyb (D:2)
  3 adders
  3 worms (D:2)
  2 orcs
  6 bats
  A giant cockroach (D:1)
  16 goblins
  12 hobgoblins
  7 kobolds
  A quokka (D:3)
  A ball python (D:2)
  7 giant geckos
  4 giant newts
  8 jackals
  7 rats
82 creatures vanquished.

Notes
Turn   | Place    | Note
--------------------------------------------------------------
     0 | Abyss:1  | Proton the Demonspawn Abyssal Knight began the quest for the Orb.
     0 | Abyss:1  | Reached XP level 1. HP: 18/18 MP: 2/2
    46 | Abyss:1  | Found a corrupted altar of Lugonu.
    68 | D:1      | Escaped the Abyss
    78 | D:1      | Reached skill level 1 in Dodging
   209 | D:1      | Gained mutation: You are partially covered in sharp spines. [demonic ancestry]
   209 | D:1      | Reached XP level 2. HP: 17/24 MP: 3/3
   253 | D:1      | Reached ** piety under Lugonu
   377 | D:1      | Reached XP level 3. HP: 29/29 MP: 5/5
   648 | D:2      | Noticed Ijyb
   657 | D:2      | Killed Ijyb
   714 | D:2      | Gained mutation: You have sharp fingernails. [demonic ancestry]
   714 | D:2      | Reached XP level 4. HP: 25/35 MP: 6/6
  1117 | D:2      | Noticed Sigmund
  1122 | D:2      | Reached *** piety under Lugonu
  1147 | D:2      | Killed Sigmund
  1147 | D:2      | Reached skill level 4 in Fighting
  1147 | D:2      | Reached skill level 1 in Unarmed Combat
  1147 | D:2      | Reached XP level 5. HP: 38/42 MP: 6/8
  1606 | D:3      | Gained mutation: You have very sharp fingernails. [demonic ancestry]
  1606 | D:3      | Reached XP level 6. HP: 48/48 MP: 9/9
  1848 | D:3      | Found a sacrificial altar of Ru.
  2109 | D:4      | Noticed Robin
  2110 | D:4      | Noticed Blork the orc
  2123 | D:4      | HP: 1/48 [poisoned by Blork the orc]
  2124 | D:4      | Succumbed to Blork the orc's poison

Vault maps used:
D:1:      scummos_arrival_simple_crosswalls
D:2:      minmay_door_path, uniq_sigmund, uniq_iyjb
D:3:      overflow_temple_1_default, first_bread
D:4:      old_standard_altar, nemelex_diamond_rough_becter, uniq_robin,
          uniq_blork_the_orc

Action                   |  1- 3 |  4- 6 || total
-------------------------+-------+-------++-------
Melee: Falchion          |    42 |    81 ||   123
  Use: Scroll            |       |     2 ||     2
       Potion            |       |     2 ||     2
  Eat: Bread ration      |       |     1 ||     1
